AoeStats
← cmd

Arabia

503231593Analyzed
3v3 RM · 1mo ago on Aug 30, 2026· 46m 38s· 6 players
Game mode
Random Map
Map size
Normal (6 player)
Population
200
Speed
Normal
Resources
Standard
Victory
Conquest
Starting age
Dark Age
Ending age
Imperial Age
RankedLock teamsTeams togetherTeam positionsShared explorationLock speedFull tech treeHidden civsTurbo modeCheats
Victory
Defeat
🇩🇪 Japanese · Germany
952
+15
🇩🇪 Magyars · Germany
945
+15
🇩🇪 Franks · Germany
893
+18
🇧🇷 Vietnamese · Brazil
960
-17
🇧🇷 Franks · Brazil
951
-17
🇧🇷 Khmer · Brazil
881
-14
noname
6:51 Loom
9:21 Feudal Age
10:44 Double-Bit Axe
15:33 Horse Collar
23:21 Castle Age
22:01 Wheelbarrow
25:06 Husbandry
25:18 Bloodlines
26:55 Hand Cart
27:26 Scale Mail Armor
27:31 Scale Barding Armor
27:41 Town Watch
28:30 Pikeman
30:23 Bow Saw
30:17 Heavy Plow
34:17 Chain Mail Armor
38:23 Chain Barding Armor
42:00 Sanctity
41:55 Fervor
49:15 Imperial Age
cmd
11:42 Loom
13:27 Feudal Age
18:07 Castle Age
16:22 Double-Bit Axe
19:19 Scale Barding Armor
20:33 Chain Barding Armor
21:01 Bow Saw
21:59 Gold Mining
26:23 Husbandry
41:51 Imperial Age
42:36 Gold Shaft Mining
41:52 Stone Mining
43:06 Chivalry
43:28 Conscription
43:46 Plate Barding Armor
42:34 Cavalier
46:10 Forging
47:05 Wheelbarrow
helo
8:18 Loom
11:20 Feudal Age
12:51 Double-Bit Axe
13:37 Horse Collar
20:35 Wheelbarrow
22:49 Castle Age
23:34 Arson
25:00 Thumb Ring
26:45 Pikeman
27:25 Squires
27:13 Crossbowman
27:56 Fletching
29:06 Bow Saw
33:27 Scale Mail Armor
33:38 Forging
39:04 Chain Mail Armor
42:56 Gold Mining
43:26 Gold Mining
BRZ ✪
7:33 Loom
11:03 Feudal Age
15:38 Double-Bit Axe
22:33 Wheelbarrow
22:57 Forging
22:38 Fletching
27:46 Castle Age
28:21 Pikeman
29:05 Squires
29:37 Husbandry
30:00 Bow Saw
30:46 Iron Casting
30:07 Bodkin Arrow
35:41 Hand Cart
35:57 Scale Barding Armor
38:24 Light Cavalry
Mel B'ilal
10:13 Feudal Age
8:28 Loom
12:38 Double-Bit Axe
15:52 Bloodlines
28:03 Castle Age
26:43 Wheelbarrow
25:54 Town Watch
27:51 Stone Mining
28:46 Gold Mining
29:32 Stone Shaft Mining
28:43 Horse Collar
35:58 Tusk Swords
38:20 Husbandry
44:35 Bow Saw
ThiaGuiN Ty Dibra
3:23 Loom
7:59 Loom
10:29 Feudal Age
22:24 Castle Age
20:35 Double-Bit Axe
20:31 Horse Collar
20:44 Gold Mining
20:45 Stone Mining
22:08 Fletching
22:18 Padded Archer Armor
25:32 Elite Skirmisher
28:06 Stone Shaft Mining
27:34 Pikeman
30:33 Leather Archer Armor
36:04 Bodkin Arrow
36:21 Forging
42:49 Thumb Ring
46:52 Imperial Age
45:05 Squires
Connection lost

Rejoining the realm…

Still unreachable

The connection could not be restored.

Session expired

The server has moved on; the page needs a fresh start.